Cogmind - Beta 14 @@@ ROGUE MODE // 2024.11.17 @ 13:59:33 Player: Shimmyarah Result: Destroyed by G-50 Soldier with Heavy Laser Performance ------------- Evolutions (4) 2000 Regions Visited (5) 1000 Robots Destroyed (35) 175 Value Destroyed (772) 772 Prototype IDs (10) 200 Alien Tech Used (0) 0 Bonus (300) 300 TOTAL SCORE: 4447 Bonus ------- Registered with UFD 300 Cogmind --------- Core Integrity 0/850 Matter 258/300 Energy 98/100 System Corruption 0% Temperature Cool (9) Movement Core (50) Location -6/Factory Parts ------- > --- POWER (2) -------- (None) > --- PROPULSION (3) --- (None) > --- UTILITY (6) ------ Terrain Scan Processor System Shield > --- WEAPON (4) ------- (None) > --- INVENTORY (5) ---- Angular Momentum Engine High-capacity Battery (250) Compact Ion Cannon Heavy Flak Cannon Welding Torch Peak State ------------ > --- POWER ------------ Ion Engine Light Ion Engine > --- PROPULSION ------- Light Treads Light Treads Light Treads > --- UTILITY ---------- Heat Sink Heat Sink High-capacity Storage Unit Seismic Detector Targeting Computer Weapon Shielding > --- WEAPON ----------- Medium Laser Beam Cannon Subdweller Beam Cannon Subdweller Beam Cannon > --- INVENTORY -------- Light Angular Momentum Engine Light Treads Advanced Heat Sink High-capacity Battery High-capacity Battery Structural Scanner Terrain Scan Processor System Shield Heavy Laser Assault Rifle Autogun Subdweller Machine Gun Mining Laser Welding Torch [Rating: 20] Favorites ----------- Power Ion Engine Engine Ion Engine Propulsion Light Treads Treads Light Treads Leg Aluminum Leg Wheel Wheel Utility High-capacity Storage Unit Device Seismic Detector Storage High-capacity Storage Unit Processor Targeting Computer Hackware System Shield Protection Weapon Shielding Weapon Subdweller Beam Cannon Energy Gun Medium Laser Energy Cannon Subdweller Beam Cannon Ballistic Gun Assault Rifle Special Weapon Mining Laser Build | -11 -10 -10 -8 -8 -6 ------- Run | Yrd Mat Sub Rec Scr Fac Slots Evolved 8 | . . . . . 8 Power 1 | . . . . . 1 Propulsion 1 | . . . . . 1 Utility 4 | . . . . . 4 Weapon 2 | . . . . . 2 Parts Attached 46 | 1 9 12 9 . 15 Power 3 | . . 1 . . 2 Engine 3 | . . 1 . . 2 Core . | . . . . . . Reactor . | . . . . . . Propulsion 9 | . 5 1 2 . 1 Treads 6 | . 2 1 2 . 1 Leg . | . . . . . . Wheel 3 | . 3 . . . . Hover . | . . . . . . Flight . | . . . . . . Utility 20 | 1 2 5 3 . 9 Device 12 | 1 1 3 3 . 4 Storage 2 | . 1 1 . . . Processor 2 | . . . . . 2 Hackware 2 | . . . . . 2 Protection 2 | . . 1 . . 1 Artifact . | . . . . . . Weapon 14 | . 2 5 4 . 3 Energy Gun 1 | . . . . . 1 Energy Cannon 8 | . 2 2 2 . 2 Ballistic Gun 2 | . . 2 . . . Ballistic Cannon . | . . . . . . Launcher . | . . . . . . Special Weapon 3 | . . 1 2 . . Impact Weapon . | . . . . . . Slashing Weapon . | . . . . . . Piercing Weapon . | . . . . . . Special Melee Weapon . | . . . . . . Unidentified Prototypes 1 | . . . . . 1 Parts Lost 18 | . 2 1 . . 15 Power 3 | . . . . . 3 Propulsion 6 | . 2 1 . . 3 Utility 5 | . . . . . 5 Weapon 4 | . . . . . 4 Highest Loss Streak 13 | . 2 1 . . 13 To Critical Strikes . | . . . . . . Average Slot Usage (%) 98 | . 96 99 100 100 63 Engine 13 | . 14 14 14 14 7 Treads 26 | . 22 27 28 28 12 Device 13 | . 10 10 14 14 12 Storage 13 | . 14 14 14 14 4 Energy Cannon 25 | . 24 6 25 28 12 Ballistic Gun 1 | . 3 17 . . . Peak Build Rating 20 | 7 9 11 11 11 20 Average Rating 10 | 6 7 9 10 11 13 On Entrance 9 | 6 7 9 11 11 11 Naked Turns 65 | . . . . . 65 Heaviest Build 75 | 15 52 62 62 62 75 Greatest Support 60 | 20 40 40 40 40 60 Greatest Overweight (x) 13 | . 2 2 1 1 13 Average Overweight (x) . | . . 1 1 1 . Largest Inventory Capacity 20 | 8 20 20 20 20 20 Average Capacity 19 | 8 18 20 20 20 15 Most Carried 20 | 8 20 20 20 20 19 Average Carried 18 | 6 11 19 19 20 12 Final Capacity 20 | 8 20 20 20 20 5 Final Carried 20 | 8 20 19 20 20 5 Class Distribution -------------------- 97% | Mutant Dominant Class ---------------- Mutant | -10/Materials Mutant | -10/Subcaves Mutant | -8/Recycling Mutant | -8/Scraptown Scavenger-Gunner | -6/Factory Resources | -11 -10 -10 -8 -8 -6 ----------- Run | Yrd Mat Sub Rec Scr Fac Matter Collected 872 | 252 298 151 76 10 85 Remotely . | . . . . . . Salvage Created 1264 | 103 808 150 55 . 148 Parts 77 | 5 52 8 6 . 6 Haulers Intercepted 1 | . 1 . . . . Recyclers Shooed 1 | . . . . . 1 Parts Field Recycled . | . . . . . . Retrieved Matter . | . . . . . . Parts Self-Destructed 7 | . . 7 . . . Prevented . | . . . . . . Kills | -11 -10 -10 -8 -8 -6 ------- Run | Yrd Mat Sub Rec Scr Fac Combat Hostiles Destroyed 20 | . 13 4 1 . 2 Guns 7 | . 4 1 . . 2 Cannons 13 | . 9 3 1 . . Classes Destroyed 11 | 2 6 2 1 . . Worker 2 | . 2 . . . . Builder 3 | . 3 . . . . Tunneler 1 | 1 . . . . . Hauler 1 | . 1 . . . . Recycler 3 | 1 2 . . . . Turret 2 | . . 2 . . . Watcher 3 | . 2 . . . 1 Swarmer 6 | . 3 3 . . . Grunt 12 | . 10 . . . 2 Sentry 1 | . . . 1 . . Subdweller 1 | . . 1 . . . Best Kill Streak 4 | 2 4 4 1 . 2 Combat Bots Only 3 | . 3 3 1 . 2 Max Kills in Single Turn 2 | 1 2 1 1 . 1 Gunslinging . | . . . . . . Exploded . | . . . . . . Melee . | . . . . . . Uniques/NPCs Destroyed . | . . . . . . Combat | -11 -10 -10 -8 -8 -6 -------- Run | Yrd Mat Sub Rec Scr Fac Hostile Shots Fired 336 | . 64 61 . . 211 Missed 124 | . 18 26 . . 80 Damage Taken 2712 | . 613 271 . . 1828 Core 1043 | . 102 86 . . 855 Absorbed by Shields . | . . . . . . Redirected to Shielding 51 | . . 11 . . 40 Core Remaining (%) 62 | 100 . . . 24 . Volleys Fired 124 | 7 59 32 18 . 8 Largest 2 | 2 2 2 2 . 2 Hottest 160 | 40 120 160 160 . 130 Shots Fired 217 | 14 118 50 19 . 16 Gun 68 | 14 34 12 . . 8 Cannon 118 | . 84 24 2 . 8 Launcher . | . . . . . . Special 31 | . . 14 17 . . Kinetic 60 | 14 34 12 . . . Thermal 157 | . 84 38 19 . 16 Explosive . | . . . . . . Electromagnetic . | . . . . . . Robot Hit Streak 12 | 4 8 8 4 . 12 Robot Miss Streak 4 | 2 4 3 . . 2 Penetration Max . | . . . . . . Secondary Targets . | . . . . . . Shots Hit Robots 111 | 6 70 24 1 . 10 Core Hits 45 | 3 27 7 1 . 7 Critical Kills . | . . . . . . Critical Parts Destroyed . | . . . . . . Critical Strikes . | . . . . . . Melee Attacks . | . . . . . . Impact . | . . . . . . Slashing . | . . . . . . Piercing . | . . . . . . Sneak Attacks . | . . . . . . Combat Hostiles . | . . . . . . Follow-up Attacks . | . . . . . . Damage Inflicted 2013 | 72 1219 501 36 . 185 Guns 558 | 72 285 127 . . 74 Cannons 1382 | . 873 374 30 . 105 Explosions . | . . . . . . Melee . | . . . . . . Ramming 73 | . 61 . 6 . 6 Kinetic 484 | 72 285 127 . . . Thermal 1456 | . 873 374 30 . 179 Explosive . | . . . . . . Electromagnetic . | . . . . . . Impact . | . . . . . . Slashing . | . . . . . . Piercing . | . . . . . . Highest Corruption . | . . . . . . Average Corruption . | . . . . . . Corruption Purged . | . . . . . . Corruption Blocked . | . . . . . . Overload Shots . | . . . . . . Overflow Damage 34 | . 20 14 . . . Projectiles 34 | . 20 14 . . . Explosions . | . . . . . . Melee . | . . . . . . Knockbacks 1 | . 1 . . . . Impact 1 | . 1 . . . . Kinetic . | . . . . . . Secondary . | . . . . . . Self-Inflicted Damage 10 | . 7 . . . 3 Shots . | . . . . . . Rammed 12 | . 7 . 1 . 4 Targets Rammed 12 | . 7 . 1 . 4 Kicked . | . . . . . . Crushed . | . . . . . . Highest Temperature 624 | . 624 266 140 . 18 Average Temperature 90 | . 111 119 38 . 5 Received Heat Transfer 990 | . 258 126 . . 606 Effects 11 | . 11 . . . . Shutdowns 1 | . 1 . . . . Energy Bleed 3 | . 3 . . . . Matter Decay 2 | . 2 . . . . Damage (minor) 1 | . 1 . . . . Damage (major) 3 | . 3 . . . . Damage (core) 1 | . 1 . . . . Siege Activations . | . . . . . . Robots Corrupted . | . . . . . . Combat Hostiles . | . . . . . . Parts Fried . | . . . . . . Impact Corruptions . | . . . . . . Robots Melted . | . . . . . . Combat Hostiles . | . . . . . . Parts Melted 3 | . 1 . . . 2 Heat Transferred 2775 | . 1850 518 37 . 370 Parts Sabotaged . | . . . . . . Parts Stolen . | . . . . . . Parts Stripped . | . . . . . . Power Chain Reactions . | . . . . . . Alert | -11 -10 -10 -8 -8 -6 ------- Run | Yrd Mat Sub Rec Scr Fac Peak Influence 234 | 10 234 . 25 . 140 Initial 9 | . 6 . 9 . . Average 44 | 7 65 . 10 . 76 Maximum Alert Level 1 | . 1 . . . . Low Security (%) 96 | 100 93 . 100 . 100 Level 1 3 | . 6 . . . . Level 2 . | . . . . . . Level 3 . | . . . . . . Level 4 . | . . . . . . Level 5 . | . . . . . . High Security . | . . . . . . Max Security . | . . . . . . Squads Dispatched 8 | . 4 . . . 4 Investigation 3 | . 2 . . . 1 Extermination . | . . . . . . Reinforcement 5 | . 2 . . . 3 Assault . | . . . . . . Garrison . | . . . . . . Intercept . | . . . . . . Searches Triggered . | . . . . . . Construction Impeded . | . . . . . . Haulers Reinforced . | . . . . . . Active Scanning Responses . | . . . . . . Cargo Convoy Interrupts . | . . . . . . Stealth | -11 -10 -10 -8 -8 -6 --------- Run | Yrd Mat Sub Rec Scr Fac Distress Signals 2 | . 2 . . . . Communications Jammed . | . . . . . . Distress Signals . | . . . . . . Times Spotted 65 | . 23 7 . . 35 Peak Tracking Total 14 | . 3 5 . . 14 Tactical Retreats 12 | . 1 2 . . 9 Traps | -11 -10 -10 -8 -8 -6 ------- Run | Yrd Mat Sub Rec Scr Fac Traps Triggered 4 | . 3 . . . 1 Indirectly . | . . . . . . Trap Hack Attempts . | . . . . . . Triggered . | . . . . . . Disarmed . | . . . . . . Reprogrammed . | . . . . . . Reused . | . . . . . . Traps Extracted . | . . . . . . Installed . | . . . . . . Triggered . | . . . . . . Machines | -11 -10 -10 -8 -8 -6 ---------- Run | Yrd Mat Sub Rec Scr Fac Machines Disabled 2 | . . 2 . . . Max in Single Turn 1 | . . 1 . . . Machines Repaired . | . . . . . . Machines Dismantled . | . . . . . . Machines Sabotaged . | . . . . . . Overloaded Fab Kills . | . . . . . . Hacking | -11 -10 -10 -8 -8 -6 --------- Run | Yrd Mat Sub Rec Scr Fac Machines Accessed 15 | . . . 8 7 . Terminals 5 | . . . 5 . . Fabricators . | . . . . . . Repair Stations . | . . . . . . Recycling Units 1 | . . . 1 . . Scanalyzers . | . . . . . . Garrison Access . | . . . . . . Total Hacks 79 | . . . 35 44 . Successful 71 | . . . 27 44 . Failed 8 | . . . 8 . . Catastrophic 3 | . . . 3 . . Database Lockouts . | . . . . . . Manual 6 | . . . 6 . . Terminals 8 | . . . 8 . . Fabricators . | . . . . . . Repair Stations . | . . . . . . Recycling Units 3 | . . . 3 . . Scanalyzers . | . . . . . . Garrison Access . | . . . . . . Terminal Hacks 69 | . . . 25 44 . Record 67 | . . . 24 43 . Prototype ID Bank 1 | . . . 1 . . Derelict Proto ID Bank 1 | . . . . 1 . Fabricator Hacks . | . . . . . . Repair Station Hacks . | . . . . . . Recycling Unit Hacks . | . . . . . . Scanalyzer . | . . . . . . Garrison Access Hacks . | . . . . . . Unauthorized Hacks 2 | . . . 2 . . Terminals . | . . . . . . Fabricators . | . . . . . . Repair Stations . | . . . . . . Recycling Units 2 | . . . 2 . . Monitor 1 | . . . 1 . . Mask 1 | . . . 1 . . Scanalyzers . | . . . . . . Garrison Access . | . . . . . . Data Cores Recovered . | . . . . . . Used . | . . . . . . Hacking Detections 6 | . . . 6 . . Full Trace Events . | . . . . . . Feedback Events . | . . . . . . Feedback Blocked . | . . . . . . Robot Schematics Acquired . | . . . . . . Robots Built . | . . . . . . Authchips . | . . . . . . Time . | . . . . . . Total Robot Build Rating . | . . . . . . Part Schematics Acquired . | . . . . . . Parts Built . | . . . . . . Authchips . | . . . . . . Time . | . . . . . . Total Part Build Rating . | . . . . . . Parts Repaired . | . . . . . . Time . | . . . . . . Parts Recycled . | . . . . . . Recycled Matter . | . . . . . . Retrieved Matter . | . . . . . . Retrieved Components . | . . . . . . Parts Scanalyzed . | . . . . . . Part Schematics Acquired . | . . . . . . Parts Damaged . | . . . . . . Bothacking | -11 -10 -10 -8 -8 -6 ------------ Run | Yrd Mat Sub Rec Scr Fac Used RIF Installer . | . . . . . . Robots Hacked . | . . . . . . Non-combat . | . . . . . . Combat . | . . . . . . Robot Hacks Applied . | . . . . . . Relay Couplers Released . | . . . . . . Fabnet Peak Effective % . | . . . . . . Robots Rewired . | . . . . . . Allies Hacked . | . . . . . . Hacks Repelled . | . . . . . . Allies | -11 -10 -10 -8 -8 -6 -------- Run | Yrd Mat Sub Rec Scr Fac Total Allies . | . . . . . . Largest Group . | . . . . . . Highest-Rated Group . | . . . . . . Highest-Rated Ally . | . . . . . . Total Orders . | . . . . . . Ally Attacks . | . . . . . . Total Damage . | . . . . . . Kills . | . . . . . . Allies Corrupted . | . . . . . . Allies Melted . | . . . . . . Intel | -11 -10 -10 -8 -8 -6 ------- Run | Yrd Mat Sub Rec Scr Fac Robot Analysis Total . | . . . . . . Derelict Logs Recovered 2 | . . . . 2 . Drone Launches . | . . . . . . Drone Recoveries . | . . . . . . Exploration | -11 -10 -10 -8 -8 -6 ------------- Run | Yrd Mat Sub Rec Scr Fac Turns Passed 14769 | 44 1812 952 1558 9914 489 Spaces Moved 6117 | 16 780 339 612 3998 372 Core 255 | . . . . . 255 Treads 5625 | . 559 339 612 3998 117 Legs 73 | 16 57 . . . . Wheels 164 | . 164 . . . . Hover . | . . . . . . Flight . | . . . . . . Fastest Speed 50 | 120 80 240 240 240 50 Average Speed 227 | 120 201 240 240 240 112 Slowest Speed 700 | 120 240 320 240 240 700 Overloaded Moves . | . . . . . . Propulsion Burnouts . | . . . . . . Robots Hopped . | . . . . . . Cave-ins Triggered . | . . . . . . Exploration Rate (%) 48 | 2 85 22 75 94 14 Regions Visited 5 Branch Regions 3 Pre-discovered Areas 2 | . . . . 2 . Known Exits Taken . | . . . . . . Unknown Exits Taken 5 | 1 1 1 1 1 . Scrap Searched 6 | . . . . 6 . Spaces Dug 13 | . . . 13 . . Terrain Destroyed 19 | . . . 17 . 2 Melee . | . . . . . . Projectile 19 | . . . 17 . 2 AOE . | . . . . . . Terrain Rammed . | . . . . . . Walls Destroyed . | . . . . . . Machines Disabled . | . . . . . . Actions | -11 -10 -10 -8 -8 -6 --------- Run | Yrd Mat Sub Rec Scr Fac Total 6711 | 26 897 396 646 4318 428 Wait 363 | . 18 6 . 320 19 Move 6112 | 15 779 338 611 3997 372 Hop . | . . . . . . Pick Up 36 | 3 18 4 4 . 7 Fast Attach 3 | . . . . . 3 Attach 17 | 1 3 1 . . 12 Detach 2 | . 1 . . . 1 Swap 26 | . 6 11 9 . . Drop 15 | . 6 4 3 . 2 Fire 124 | 7 59 32 18 . 8 Melee . | . . . . . . Ram 5 | . 1 . . . 4 Kick . | . . . . . . Crush 7 | . 6 . 1 . . Escape Stasis . | . . . . . . Rewire 1 | . . . . 1 . Trap . | . . . . . . Miscellaneous . | . . . . . . Route ------- -11/Scrapyard -10/Materials (discovered 5 exits: [*Mat x2] / [*Min x2] / [*Sub]) -10/Subcaves -8/Recycling (discovered 2 exits: [*Fac] / *Scr) -8/Scraptown (discovered 2 exits: [*Fac x2]) -6/Factory History --------- Turn | Location | Event 23 | -11/Scrapyard | Discovered new exit (range 3) 45 | -11/Scrapyard | Entered Materials 301 | -10/Materials | Discovered new exit (range 11) 302 | -10/Materials | Build established: Mutant 557 | -10/Materials | Discovered new exit (range 5) 855 | -10/Materials | Discovered new exit (range 6) 972 | -10/Materials | Discovered new exit (range 16) 1394 | -10/Materials | Discovered new exit (range 16) 1857 | -10/Materials | Entered Subcaves 2383 | -10/Subcaves | Shifting Twisted Machinery released Sub. Beam Cannon 2392 | -10/Subcaves | Shifting Twisted Machinery released Sub. Beam Cannon 2575 | -10/Subcaves | Core integrity fell below 50% 2747 | -10/Subcaves | Discovered new exit (range 11) 2809 | -10/Subcaves | Entered Recycling 3714 | -8/Recycling | Discovered new exit (range 16) 4185 | -8/Recycling | Scanned before Scraplab entrance 4286 | -8/Recycling | Entered Scraplab 4360 | -8/Recycling | Discovered new exit (range 3) 4367 | -8/Recycling | Entered Scraptown 4691 | -8/Scraptown | Heard Great Nut preacher, LISTEN AND RECITE! 5075 | -8/Scraptown | Visited UFD Registry 5075 | -8/Scraptown | Registered with UFD as "Arcpod" 6179 | -8/Scraptown | Visited SPCMW 6314 | -8/Scraptown | Visited Observation Area 6737 | -8/Scraptown | Visited Comm Corps 6999 | -8/Scraptown | Discovered new exit (range 5) 7752 | -8/Scraptown | Visited Cyclists 7800 | -8/Scraptown | Entered Cyclist Reading Room 7973 | -8/Scraptown | Visited The Evicted 8281 | -8/Scraptown | Visited Supply Room 8343 | -8/Scraptown | Visited LU-1G1's Boring Crew 8641 | -8/Scraptown | Discovered new exit (range 5) 8893 | -8/Scraptown | Visited Science Guys 8994 | -8/Scraptown | Visited Abandonware Association 9123 | -8/Scraptown | Learned abandonware demo "POISON.EXE" 9193 | -8/Scraptown | Visited Scrap Suit Storage 9819 | -8/Scraptown | Visited DA-N13 Charitable Foundation 9853 | -8/Scraptown | Found DCF Scrap (29 items) 9920 | -8/Scraptown | Visited Curators Association 10371 | -8/Scraptown | Visited Research Penetration Think Tank 11341 | -8/Scraptown | Visited CPS Storage 12205 | -8/Scraptown | Scanned Subdweller tech in exchange for log data 12212 | -8/Scraptown | Learned location of Armory (-4) 12214 | -8/Scraptown | Learned location of Quarantine (-3) 12775 | -8/Scraptown | Visited Science Testing Area 14281 | -8/Scraptown | Entered Factory 14281 | -6/Factory | Evolved 8 slots: Power x1, Propulsion x1, Utility x4, Weapon x2 14539 | -6/Factory | Spotted B-75 Beast 14628 | -6/Factory | Core integrity fell below 50% 14628 | -6/Factory | Released all parts (2) 14651 | -6/Factory | Lost 13 parts (2p3n4u4w) 14761 | -6/Factory | Core integrity fell below 20% 14770 | -6/Factory | Destroyed by G-50 Soldier with Heavy Laser Last Messages --------------- 14648_ Acquired Imp. Sensor Array. 14649_ ALERT: Security rotation in progress. 14670_ Slammed into W-25 Informer. 14674_ Acquired Imp. Shield Generator. 14676_ Dropped Imp. Sensor Array. 14676_ Dropped Imp. Shield Generator. 14677_ Slammed into R-10 Processor. 14699_ Critical hit (Burn: +37). 14721_ Acquired Prototype Energy Cannon. 14721_ Identified Com. Ion Cannon. 14729_ Acquired Hvy. Flak Cannon. 14731_ Acquired Angular Momentum Engine. 14741_ Triggered Alarm Trap. 14741_ An alarm sounds. 14741_ ALERT: Alarm triggered, dispatching investigation squad. 14751_ K-01 Serf cleans the Construction Platform. 14752_ System Shield destroyed. 14759_ Slammed into G-50 Soldier. 14762_ Critical hit (Burn: +37). Map ----- +----------------------------------------------------+ | ??? """"""" | | ??????????# ################## | | ??????????# #????????????????# """"""" | | ??????????# #########????????# """"""" | | ??????????# " " ## !!! #????????# """"""" | | ??????????# " " ## !!! #????????# """"""" | | ??????????# " " ## !! #????????# | | ??????????# " " ##! #????????# """"""" | | ??????????# " " ## ! #????????# """"""" | | ??????????# " " #?? ?????????# """"""" | | ??????????# " " #####+#??????????# """"""" | | ??????????# " " #??????????# | | ??????????# " " #????????? # """ | | ??????????# #????????? # """ | | ??????????# #????????? # """ | | ??????????#+#####+##### #??#?????? # | | ??????????????????????# #??# ??""" # | | ??????????????????????# #??# """" # """"""" | | ??????????????????????# #??# """" # """"""" | | ??????????????????????# #??# """" # """"""" | | ??????????????????????# #??#! """" # """"""" | | ??????????###########?# #???? # | | ??????????# ### ###???? # """ | | ??????????# # #######+## "F" | | ??????????# # g " | | ??????????# + @ g """ | | ??????????# # g""" | | ??????????# # ########## g | | ??????????# ## ##????????# | | ??????????# ## #?????????####+####### | | ??????????########+### +??????????? ??????# | | ?????????????????# #?# #???????????""???????# | | ?????????????????# #?# o#????????????????????# | | ?????????????????# #?# #????????????????????# | | ?????????????????# #?# #???????????????????? | | ?????????????????# #?# #???????????????????? | | ?????????######??# #?# #????????????????????? | | ?????????? ?## ### #?????????????????????? | | ??????????""""" # #?????????????????????? | | ??????????""""" # #?????????????????????? # | | ??????????""""" + #?????????????????????? # | | ??????????""""" # ##+###?????????????????????# # | | ???????? # #?????????????????????????# " | | ???????# ! ?# #????????????????????????? " | | ???????# ! ?# #????????????????????????? " | | ???????# ??# #?????????????????????????" | | ???????#######??# #?????????????????????????" | | ????????????????# #?????????????????????????# " | | ????????????????# #?????????????????????????# " | | ????????????????# #??????????????############ " | +----------------------------------------------------+ Best States ------------- Heat Dissipation 57 Energy Generation 15 Energy Capacity 400 Matter Stores 300 Matter Capacity 300 Sight Range 16 Robot Scan Range 15 Terrain Scan Density 85 Weapon Shielding 33 Evasion (%) 55 Targeting Accuracy 5 Recoil Reduction 3 Defensive Hacking 20 Item Schematics ----------------- None Robot Schematics ------------------ None Fabricated ------------ Nothing Alien Tech Used ----------------- None Achievements -------------- None Challenges ------------ None Game ------ Seed BiocellHelicalFlail Manual? 0 Play Time 00:58:49 Cumulative 54.3 hours Start 2024.11.17 @ 12:33:29 End 2024.11.17 @ 13:59:33 Sessions 1 Manual Loads 0 Difficulty Rogue Special Mode None Game No. 98 Rogue 98 Adventurer 0 Explorer 0 Win Type - Total 0 Types 0/0/0/0/0/0/0/0/0 Lore% 38 Gallery% 32 Achievement% 26 Wizard Run 0 Options --------- Layout 1 ASCII 0 Keyboard 0 Movement Arrows Keybinds 0 Fullscreen 1 Font 32/Smallcaps Map View 55x47 Zoom Use 0% Tactical HUD 1 Map Filters NONE Filters NONE Steam 1 RUN: e3879a2c-6d98-46eb-9eb4-79301470385c